 Dungeon Crawl Stone Soup version 0.17-a0-2122-g03d97ec (webtiles) character file.

1423 fredomojojo the Skirmisher (level 9, -6/71 HPs)
             Began as a Formicid Fighter on Oct 22, 2015.
             Was a Follower of Elyvilon.
             Killed from afar by nublet's ghost (15 damage)
             ... with a bolt of negative energy
             ... on level 6 of the Dungeon.
             The game lasted 01:15:00 (4712 turns).

fredomojojo the Skirmisher (Formicid Fighter)       Turns: 4712, Time: 01:15:00

Health: -6/71      AC: 12    Str: 27    XL:     9   Next: 2%
Magic:  9/9        EV:  7    Int:  6    God:    Elyvilon [*.....]
Gold:   223        SH: 11    Dex: 10    Spells: 0 memorised, 8 levels left

rFire  . . .     SeeInvis +     t - +2 morningstar (crush)
rCold  . . .     Clarity  .     u - +0 chain mail
rNeg   . . .     SustAt   .     c - +1 shield
rPois  .         Gourm    .     (helmet unavailable)
rElec  .         Spirit   .     (no cloak)
rCorr  .         Warding  .     (no gloves)
rMut   .         Stasis   +     g - +2 pair of boots
MR     .....                    (no amulet)
Stlth  ..........               A - +3 ring of strength
                                o - ring of teleportation

@: heavily drained, not resistant to hostile enchantments, extremely unstealthy
A: permanent stasis, dig shafts and tunnels, four strong arms, antennae 3, dopey
1, spit poison 1, wild magic 1
a: Dig, Shaft Self, Spit Poison, Lesser Healing, Divine Protection, Renounce
Religion, Evoke Teleportation


You were on level 6 of the Dungeon.
You worshipped Elyvilon.
Elyvilon was aware of your devotion.
You were not hungry.

You visited 2 branches of the dungeon, and saw 7 of its levels.

You collected 241 gold pieces.
You donated 18 gold pieces to Zin.

Inventory:

Hand Weapons
 a - a +1 flail
 j - a +0 short sword of distortion
 m - a +0 short sword of venom
 p - a +0 hunting sling
 t - a +2 morningstar of crushing (weapon)
Missiles
 e - 46 arrows
 h - 174 stones
 x - a large rock (quivered)
Armour
 c - a +1 shield (worn)
 g - a +2 pair of boots (worn)
 u - a +0 chain mail (worn)
 v - the +0 ring mail of the Good {Regen+}
   (You found it on level 4 of the Dungeon)

   It increases your rate of regeneration.
Jewellery
 o - a ring of teleportation (left hand)
 w - an uncursed ring of invisibility {unknown}
 A - a +3 ring of strength (right hand)
Scrolls
 b - 2 scrolls of remove curse
 f - 2 scrolls of magic mapping
 k - 3 scrolls of recharging
 n - 2 scrolls of identify
 s - a scroll of noise
 y - 2 scrolls of teleportation {unknown}
Potions
 d - a potion of might
 i - a potion of brilliance {unknown}
 z - a potion of flight
Comestibles
 l - 5 meat rations
 q - 2 bread rations
 r - a slice of pizza
 B - 3 fruits


   Skills:
 * Level 6.5(4.9) Fighting
 * Level 5.5(3.9) Maces & Flails
 + Level 3.1(1.7) Slings
 + Level 0.4(0.0) Throwing
 + Level 5.4(3.8) Armour
 + Level 2.9(1.4) Dodging
 + Level 1.0(0.0) Stealth
 + Level 5.8(4.1) Shields


You had 8 spell levels left.
You didn't know any spells.

Dungeon Overview and Level Annotations

Branches:
Dungeon (6/15)             Temple (1/1) D:5

Altars:
Cheibriados
Elyvilon
Gozag
Kikubaaqudgha
Nemelex Xobeh
Okawaru
Qazlal
Trog
Vehumet
Xom
Yredelemnul
Zin

Shops:
D:5 *

Annotations:
D:6 nublet's ghost, novice DrTm


Innate Abilities, Weirdness & Mutations

You are under a permanent stasis effect.
You can dig through walls and to a lower floor.
Your four strong arms can wield two-handed weapons with a shield.
You have a pair of large antennae on your head (SInv).
You are dopey. (Int -2)
You can spit weak poison.
Your spells are a little harder to cast, but a little more powerful.


Message History

You puncture nublet's ghost!
Nublet's ghost is moderately damaged.
Nublet's ghost breathes negative energy at you.
The bolt of negative energy hits you!
You feel drained.
You hit nublet's ghost.
Nublet's ghost is heavily damaged.
Nublet's ghost hits you but does no damage.
You are electrocuted!
You hit nublet's ghost.
Nublet's ghost is heavily damaged.
Nublet's ghost barely misses you. Nublet's ghost hits you.
* * * LOW HITPOINT WARNING * * *
You are electrocuted!
* * * LOW HITPOINT WARNING * * *
Use which ability?
Okay, then.
There is an open door here.
Nublet's ghost breathes negative energy at you.
The bolt of negative energy hits you!
You feel drained.
You die...

.'..(......+
#.........#
#....(..#####
#..........#
#...#.# .#
##'##.# .#
#W##.###.###
#.##.##....
##@##.##..#
##...#.##..#
#..........#
##...####.## # #
##.## #.#
....#.###.#####.#
#.............#
###.###.####### #
#.#


You could see nublet's ghost.

Vanquished Creatures
  The ghost of fredomojojo the Shield-Bearer, a novice FoFi of Nemelex Xobeh (D:4)
  A sky beast (D:5)
  2 ogres (D:4)
  2 scorpions
  2 crimson imps
  A giant frog zombie (D:5)
  2 centaur skeletons
  2 hounds
  A jelly (D:5)
  An orc wizard (D:5)
  An orc priest (D:4)
  2 giant frog skeletons
  An iguana (D:4)
  2 worker ants
  A killer bee zombie (D:6)
  3 river rats (D:5)
  2 gnolls (D:4)
  2 adders (D:3)
  An ooze (D:4)
  3 worms
  An adder skeleton (D:4)
  14 orcs
  15 goblins
  14 hobgoblins
  2 ball pythons
  7 bats
  5 giant cockroaches
  A giant cockroach zombie (D:5)
  4 giant geckos
  4 giant newts
  2 jackals (D:3)
  12 kobolds
  12 rats
126 creatures vanquished.

Vanquished Creatures (others)
  An adder (D:2)
  A giant cockroach (D:1)
2 creatures vanquished.

Grand Total: 128 creatures vanquished

Notes
Turn   | Place    | Note
--------------------------------------------------------------
     0 | D:1      | fredomojojo the Formicid Fighter began the quest for the Orb.
     0 | D:1      | Reached XP level 1. HP: 18/18 MP: 1/1
   160 | D:1      | Reached XP level 2. HP: 24/24 MP: 2/2
   446 | D:1      | Reached skill level 4 in Shields
   758 | D:2      | Reached XP level 3. HP: 30/30 MP: 3/3
  1150 | D:2      | Gained mutation: Your spells are a little harder to cast, but a little more powerful. [potion of mutation]
  1150 | D:2      | Gained mutation: You can spit weak poison. [potion of mutation]
  1150 | D:2      | Gained mutation: You are dopey. (Int -2) [potion of mutation]
  1492 | D:2      | Reached XP level 4. HP: 37/37 MP: 4/4
  2001 | D:4      | Reached XP level 5. HP: 32/43 MP: 5/5
  2013 | D:4      | Found a glowing silver altar of Zin.
  2029 | D:4      | Became a worshipper of Zin the Law-Giver
  2029 | D:4      | Reached * piety under Zin
  2054 | D:4      | Noticed an ogre
  2064 | D:4      | Killed an ogre
  2064 | D:4      | Reached skill level 1 in Slings
  2064 | D:4      | Reached skill level 1 in Dodging
  2064 | D:4      | Reached skill level 1 in Stealth
  2064 | D:4      | Reached XP level 6. HP: 24/50 MP: 6/6
  2069 | D:4      | Noticed an ogre
  2076 | D:4      | Noticed fredomojojo's ghost (novice FoFi)
  2591 | D:3      | Found a radiant altar of Vehumet.
  2911 | D:5      | Entered Level 5 of the Dungeon
  2924 | D:4      | Reached skill level 5 in Fighting
  2957 | D:4      | Reached XP level 7. HP: 54/56 MP: 7/7
  3576 | D:4      | Killed fredomojojo's ghost
  3576 | D:4      | Reached skill level 5 in Armour
  3576 | D:4      | Reached skill level 5 in Shields
  3576 | D:4      | Reached XP level 8. HP: 49/64 MP: 8/8
  3606 | D:4      | Killed an ogre
  3661 | D:4      | Got a pitted ring mail
  3672 | D:4      | Identified the +0 ring mail of the Good {Regen+} (You found it on level 4 of the Dungeon)
  3724 | D:4      | Found a stormy altar of Qazlal.
  3892 | D:5      | Reached skill level 6 in Fighting
  4163 | D:4      | Reached skill level 5 in Maces & Flails
  4303 | D:5      | Found a staircase to the Ecumenical Temple.
  4312 | Temple   | Entered the Ecumenical Temple
  4327 | Temple   | Fell from the grace of Zin
  4327 | Temple   | Became a worshipper of Elyvilon the Healer
  4398 | D:5      | Noticed a sky beast
  4419 | D:5      | Killed a sky beast
  4465 | D:5      | Found Vanlem's Assorted Antiques.
  4653 | D:6      | Reached XP level 9. HP: 71/71 MP: 9/9
  4692 | D:6      | Reached * piety under Elyvilon
  4696 | D:6      | Noticed nublet's ghost (novice DrTm)
  4712 | D:6      | Killed from afar by nublet's ghost

Vault maps used:
D:1:      dpeg_arrival_pits
D:2:      kennysheep_the_goblin_king
D:3:      overflow_temple_1_default, serial_glass, glass_columns_b,
          glass_columns_a, first_bread
D:4:      corexii_shantytown, zin_academy, nicolae_overflow_crystal_walls,
          grunt_tough_drop
D:5:      lemuel_temple_firewalk_marked, serial_shops,
          nicolae_shop_overgrown_old_shop, portal_sewer_entry_c
D:6:      ashenzari_conservatory_becter
Temple:   eino_narrow_crystal_temple_b_12

Action                   |  1- 3 |  4- 6 |  7- 9 || total
-------------------------+-------+-------+-------++-------
Melee: Flail             |   121 |   110 |    72 ||   303
       Short sword       |    21 |       |       ||    21
       Morningstar       |       |    10 |   141 ||   151
 Fire: Hunting sling     |    10 |    15 |    67 ||    92
Throw: Stone             |    11 |     3 |     1 ||    15
  Use: Scroll            |     4 |     2 |     3 ||     9
       Potion            |     4 |       |     1 ||     5
  Eat: Bread ration      |     1 |     1 |       ||     2
       Meat ration       |       |       |     1 ||     1
